 Dungeon Crawl Stone Soup version 0.31-a0-331-geda263fcf1 (webtiles) character file.

Game seed: 11984563636041705964

63 freelancePsychic the Changeling (level 3, 0/21 HPs)
             Began as a Deep Elf Shapeshifter on July 19, 2023.
             Succumbed to an adder's poison
             ... on level 2 of the Dungeon.
             The game lasted 00:03:17 (1250 turns).

freelancePsychic the Changeling (DESh)              Turns: 1250, Time: 00:03:18

Health: 0/21       AC:  2    Str: 12    XL:     3   Next: 87%
Magic:  5/5        EV: 13    Int: 12    God:
Gold:   59         SH:  0    Dex: 17    Spells: 2/2 levels left

rFire   + . .        g - +0 dagger
rCold   + . .        (no shield)
rNeg    . . .        a - +0 animal skin
rPois   +            (helmet currently unavailable)
rElec   +            (cloak currently unavailable)
rCorr   +            (gloves currently unavailable)
SInv    .            (boots currently unavailable)
Will    .....        (no amulet)
Stlth   ++           (no ring)
HPRegen 0.23/turn    (no ring)
MPRegen 0.09/turn

%: no passive effects
@: mighty, lethally poisoned (0 -> -5), beast-form, resistant
A: beast (slay +2)
a: Begin Untransformation


You were on level 2 of the Dungeon.
You were a hulking beast.
You visited 1 branch of the dungeon, and saw 2 of its levels.

You collected 59 gold pieces.

Inventory:

Hand Weapons
 g - a +0 dagger (weapon)
Armour
 a - a +0 animal skin (worn)
 e - a +0 pair of boots
 f - a scarf of resistance
Talismans
 c - a beast talisman
Scrolls
 b - a scroll of silence {unknown}
 d - 2 scrolls of identify {unknown}


   Skills:
 + Level 2.1 Fighting
 * Level 1.4 Short Blades
 - Level 1.0 Ranged Weapons
 - Level 2.4 Dodging
 * Level 3.2 Stealth
 - Level 1.5 Unarmed Combat
 - Level 3.2 Shapeshifting


You had 2 spell levels left.
You didn't know any spells.
Your spell library was empty.

Dungeon Overview and Level Annotations

Branches:
Dungeon (2/15)

Altars:

Shops:
D:2 :


Message History

The adder is heavily wounded.
You feel sick. The adder misses you.
You miss the adder.
The adder is heavily wounded.
You feel sick. The adder barely misses you. The adder bites you.
You are more poisoned.
The adder poisons you!
You are too injured to fight recklessly!
You are too injured to fight recklessly!
You are too injured to fight recklessly!
You are too injured to fight recklessly!
You are too injured to fight recklessly!
You are too injured to fight recklessly!
You are too injured to fight recklessly!
You are too injured to fight recklessly!
You are too injured to fight recklessly!
You are too injured to fight recklessly!
You are too injured to fight recklessly!
You are too injured to fight recklessly!
You are too injured to fight recklessly!
You hit the adder.
The adder is severely wounded.
You feel sick. The adder bites you.
You are lethally poisoned!
The adder poisons you!
You hit the adder.
You kill the adder!
You feel very sick.
There is a lethal amount of poison in your body!
It was a potion of might.
You feel very mighty all of a sudden.
* * * LOW HITPOINT WARNING * * *
You feel very sick.
It was a potion of resistance.
You feel protected.
* * * LOW HITPOINT WARNING * * *
You feel very sick.
* * * LOW HITPOINT WARNING * * *
You feel sick.
You die...

.....................
#....................
...................w.
........##...<.......
........†.......$....
###......⌠.⌠.........
#.......∩.......##.
#......⌠.⌠.......#
#.......h........+
#.....#.)........#
.......#..........#
.......#.........
......#......... ...
.......... ..........
#..........


There were no monsters in sight!

Vanquished Creatures
  An adder (D:2)
  2 dart slugs (D:1)
  5 endoplasms
  2 giant cockroaches (D:1)
  A hobgoblin (D:1)
  13 jackals (D:1)
  2 quokkas
  2 ball pythons (D:1)
  4 bats
  2 frilled lizards (D:1)
  5 goblins
  2 kobolds (D:1)
  A rat (D:1)
42 creatures vanquished.

Notes
Turn   | Place    | Note
-------+----------+-------------------------------------------
     0 | D:1      | freelancePsychic the Deep Elf Shapeshifter began the quest
                  | for the Orb.
     0 | D:1      | Reached XP level 1. HP: 12/12 MP: 3/3
     9 | D:1      | Found a faded altar of an unknown god.
   112 | D:1      | Reached skill level 1 in Stealth
   206 | D:1      | Reached XP level 2. HP: 17/17 MP: 4/4
   228 | D:1      | Reached skill level 1 in Ranged Weapons
   642 | D:1      | Reached XP level 3. HP: 17/21 MP: 5/5
   787 | D:1      | Reached skill level 1 in Short Blades
  1194 | D:2      | Found Xaidaimp's Book Emporium.
  1250 | D:2      | Succumbed to an adder's poison

Illustrated notes

Levels and vault maps discovered:
D:1:      denvon_arrival_planthouse, layout_basic,
          chequers_ecumenical_altar_simple
D:2:      layout_basic, serial_shops, shop, nicolae_shop_peninsula,
          nicolae_shop_waterfront, shop_fountains, basic_altar

Skill      XL: |  1  2  3 |
---------------+----------+-----
Stealth        | 1 2 3 |  3.2
Ranged Weapons | 1 |  1.0
Fighting       | 2 |  2.1
Short Blades   | 1 |  1.4
Dodging        | |  2.4
Unarmed Combat | |  1.5
Shapeshifting  | |  3.2

Action                     || total
---------------------------++-------
  Melee: Unarmed           ||    38
         Dagger            ||   107
         Punch             ||     2
    Use: Potion            ||     4
   Stab: Sleeping          ||     4
 Armour: Animal skin       ||    13
         Skin              ||    17
  Dodge: Dodged            ||    72

Table legend: (Time is in decaauts)
 A = Elapsed time spent in this place.
 B = Non-inter-level travel time spent in this place.
 C = Inter-level travel time spent in this place.
 D = Time resting spent in this place.
 E = Time spent auto-exploring this place.
 F = Levels seen in this place.
 G = Mean time per level.
                   A        B        C        D        E       F      G
               +--------+--------+--------+--------+--------+-----+--------+
         Total |   1229 |   1179 |     50 |     20 |    822 |   2 |  614.5 |
       Dungeon |   1229 |   1179 |     50 |     20 |    822 |   2 |  614.5 |
               +--------+--------+--------+--------+--------+-----+--------+

Top non-repeatable levels by time:
     D:1: 1175 daAuts
     D:2: 54 daAuts
